 Dungeon Crawl Stone Soup version 0.30-a0-1114-gd936c97349 (webtiles) character file.

Game seed: 15608291546995171169

71 themarg the Caller (level 4, 0/30 HPs)
             Began as a Merfolk Summoner on Apr 20, 2023.
             Slain by an orc priest
             ... wielding a +0 trident
              (8 damage)
             ... on level 3 of the Dungeon.
             The game lasted 00:05:40 (2459 turns).

themarg the Caller (Merfolk Summoner)               Turns: 2459, Time: 00:05:41

Health: 0/30       AC:  2    Str:  8    XL:     4   Next: 24%
Magic:  4/7        EV: 12    Int: 16    God:
Gold:   163        SH:  0    Dex: 14    Spells: 4/7 levels left

rFire   . . .      SeeInvis .    o - +0 spear
rCold   . . .      Faith    .    (no shield)
rNeg    . . .      Spirit   .    a - +0 robe
rPois   .          Reflect  .    (no helmet)
rElec   .          Rampage  .    j - scarf {+Inv}
rCorr   .                        (no gloves)
Will    .....                    (no boots)
Stlth   ++                       (no amulet)
HPRegen 0.25/turn                (no ring)
MPRegen 0.10/turn                (no ring)

@: no status effects
A: (nimble swimmer 2), mertail
a: Evoke Invisibility


You were on level 3 of the Dungeon.
You visited 1 branch of the dungeon, and saw 3 of its levels.

You collected 163 gold pieces.

Inventory:

Hand Weapons
 f - a +0 dagger
 o - a +0 spear (weapon)
 r - a +0 dagger of draining
Missiles
 d - 37 stones
 t - 3 silver boomerangs
Armour
 a - a +0 robe (worn)
 j - a scarf of invisibility (worn)
 q - the +0 robe "Seipt" {Harm Fly rPois Dex-3}
   (You found it on level 3 of the Dungeon)

   Dex:       It affects your dexterity (-3).
   rPois:     It protects you from poison.
   Fly:       It grants you flight.
   Harm:      It increases damage dealt and taken.
Scrolls
 e - a scroll of summoning {unknown}
 k - 3 scrolls of amnesia {unknown}
 m - a scroll of identify {unknown}
 n - 2 scrolls of enchant weapon {unknown}
 p - a scroll of fog {unknown}
Potions
 b - a potion of magic
 c - a potion of curing {unknown}
 g - a potion of degeneration {unknown}
 h - 2 potions of mutation {unknown}
 i - a potion of lignification {unknown}
 l - a potion of haste {unknown}
 s - a potion of heal wounds {unknown}


   Skills:
 - Level 2.6 Dodging
 - Level 3.0 Stealth
 - Level 2.0 Spellcasting
 + Level 5.3 Summonings


You had 4 spell levels left.
You knew the following spells:

 Your Spells              Type           Power      Damage    Failure   Level
a - Summon Small Mammal   Summ           72%        N/A       2%          1
b - Call Imp              Summ           36%        N/A       3%          2

Your spell library contained the following spells:

 Spells                   Type           Power      Damage    Failure   Level
 Call Canine Familiar     Summ           18%        N/A       7%          3
 Freeze                   Ice            4%         1d3       21%         1
 Magic Dart               Conj           4%         1d3       21%         1
 Summon Guardian Golem    Hex/Summ       10%        N/A       21%         3
 Frozen Ramparts          Ice            2%         1d1       52%         3
 Hailstorm                Conj/Ice       1%         3d3       52%         3
 Mephitic Cloud           Conj/Pois/Air  1%         N/A       52%         3
 Summon Lightning Spire   Summ/Air       10%        N/A       56%         4


Dungeon Overview and Level Annotations

Branches:
Dungeon (3/15)

Altars:
Kikubaaqudgha
Okawaru


Innate Abilities, Weirdness & Mutations

((You are very nimble when in or above water. (Stealth+, EV+, Speed+++)))
Your lower body shifts to a powerful aquatic tail in water.


Message History

Your bat hits the orc but does no damage.
Your cerulean imp barely misses the orc.
Your bat hits the orc but does no damage.
The orc barely misses you.
Your cerulean imp closely misses the orc.
You hit the orc.
The orc is lightly wounded.
Your bat hits the orc but does no damage.
The orc misses you.
The orc priest hits you from afar with a +0 trident.
Your cerulean imp hits the orc but does no damage.
You barely miss the orc.
The orc is lightly wounded.
The orc priest misses you. The orc hits you with a +0 trident.
Your cerulean imp barely misses the orc.
You hit the orc but do no damage.
The orc is lightly wounded.
Your bat closely misses the orc.
The orc closely misses you. The orc priest barely misses you.
Your cerulean imp hits the orc but does no damage.
Your bat hits the orc but does no damage.
The orc hits you with a +0 trident!
The orc priest hits you from afar with a +0 trident!
Your cerulean imp hits the orc with a -2 spear.
You hit the orc.
The orc is heavily wounded.
Your bat hits the orc but does no damage.
Your cerulean imp hits the orc but does no damage.
The orc misses you. The orc priest barely misses you.
You closely miss the orc.
The orc is heavily wounded.
Your bat barely misses the orc.
Your cerulean imp hits the orc with a -2 spear.
The orc hits your quokka with a +0 trident!
Your quokka dies!
Your quokka's corpse disappears in a puff of smoke!
The orc priest hits you from afar with a +0 trident.
* * * LOW HITPOINT WARNING * * *
The orc priest hits you from afar with a +0 trident!
You die...

#...# #...# #...# #...# o.
#...# .# #...##+####### .#
#...#........###o###
#####...#......5@#°...°#
........'......§o#.....##.
........#......b.o.._.....
........#........#.....##
........#........#○...§#
'########........###.###
.### #............# ...##
#...........## #...##
#...........#


You could see an orc priest, an orc (distracted, ally target), a friendly
cerulean imp (summoned) and a friendly bat (summoned).

Vanquished Creatures
  A bat (D:2)
  2 endoplasms (D:2)
  2 giant cockroaches (D:2)
  2 hobgoblins
  2 jackals (D:1)
  A ball python (D:3)
  A frilled lizard (D:1)
  4 kobolds
  2 rats
17 creatures vanquished.

Vanquished Creatures (collateral kills)
  2 adders (D:2)
  A worm (D:3)
  A dart slug (D:1)
  5 ball pythons
  2 bats
  4 endoplasms
  A giant cockroach (D:1)
  2 hobgoblins
  A jackal (D:1)
  4 frilled lizards
  4 goblins
  A kobold (D:1)
28 creatures vanquished.

Vanquished Creatures (others)
  A plant (D:1)
1 creature vanquished.

Grand Total: 46 creatures vanquished

Notes
Turn   | Place    | Note
-------+----------+-------------------------------------------
     0 | D:1      | themarg the Merfolk Summoner began the quest for the Orb.
     0 | D:1      | Reached XP level 1. HP: 13/13 MP: 3/3
   359 | D:1      | Reached XP level 2. HP: 7/19 MP: 1/5
   362 | D:1      | Learned a level 2 spell: Call Imp
   429 | D:1      | Found a faded altar of an unknown god.
  1260 | D:2      | Reached XP level 3. HP: 24/24 MP: 1/6
  1791 | D:2      | Reached skill level 5 in Summonings
  1943 | D:2      | Reached XP level 4. HP: 30/30 MP: 7/7
  2183 | D:3      | Found an iron altar of Okawaru.
  2200 | D:3      | Identified the +0 robe "Seipt" {Harm Fly rPois Dex-3}
  2409 | D:3      | Found an ancient bone altar of Kikubaaqudgha.
  2459 | D:3      | Slain by an orc priest

Illustrated notes

Levels and vault maps discovered:
D:1:      dpeg_arrival_court, layout_loops_cross,
          shapermc_ecumenical_altar_mp_urbaneastern
D:2:      minmay_diamond_boxcup, layout_rooms
D:3:      layout_basic, okawaru_ov_weapons_minmay, minitemple,
          nicolae_gozag_seed_capital, nicolae_kikubaaqudgha_miasma_corner,
          minivault_27, uniq_ijyb

Skill      XL: |  1  2  3 |
---------------+----------+-----
Stealth        | 3 |  3.0
Summonings     | 5 |  5.3
Dodging        | |  2.6
Spellcasting   | |  2.0

Action                     |  1- 3 |  4- 6 || total
---------------------------+-------+-------++-------
  Melee: Dagger            |    87 |       ||    87
         Punch             |     2 |       ||     2
         Spear             |    16 |     8 ||    24
   Cast: Summon Small Mamm |    44 |    12 ||    56
         Call Imp          |     9 |     5 ||    14
   Stab: Sleeping          |     3 |       ||     3
 Armour: Robe              |    14 |       ||    14
  Dodge: Dodged            |    63 |     9 ||    72

Table legend: (Time is in decaauts)
 A = Elapsed time spent in this place.
 B = Non-inter-level travel time spent in this place.
 C = Inter-level travel time spent in this place.
 D = Time resting spent in this place.
 E = Time spent auto-exploring this place.
 F = Levels seen in this place.
 G = Mean time per level.
                   A        B        C        D        E       F      G
               +--------+--------+--------+--------+--------+-----+--------+
         Total |   2460 |   2378 |     82 |      0 |   1930 |   3 |  820.0 |
       Dungeon |   2460 |   2378 |     82 |      0 |   1930 |   3 |  820.0 |
               +--------+--------+--------+--------+--------+-----+--------+

Top non-repeatable levels by time:
     D:1: 1088 daAuts
     D:2: 1038 daAuts
     D:3: 333 daAuts
